TOP OF THE 1ST |
Plumstead Eagles batting - Pitching for Lee's Summit Tigers : RHP Renato Camardiel
|
Pitching: RHP Renato Camardiel
|
|
Batting: LHB José Marín
|
0-0: Ball 1-0: Ball 2-0: Ball 3-0: Foul Ball, location: 2F 3-1: Base on Balls
|
Batting: LHB António Álvarez
|
0-0: Ball 1-0: Foul Ball, location: 2F 1-1: Called Strike 1-2: Ball 2-2: Strikes out looking
|
Batting: LHB Conan Bush
|
0-0: Ball 1-0: Ball José Marín steals 2nd base 2-0: Ball 3-0: Base on Balls
|
Batting: LHB Roberto Rodríguez
|
0-0: Called Strike 0-1: Reached via error on a dropped throw, E6 José Marín to third Conan Bush to second
|
Batting: LHB Miguel Gamboa
|
0-0: Ball 1-0: Ball 2-0: Ball 3-0: Base on Balls José Marín scores Conan Bush to third Roberto Rodríguez to second
|
Batting: LHB Joe Rutherford
|
0-0: Fly out, F7 (Flyball, 7)
|
Batting: RHB Larry Johnson
|
0-0: Foul Ball, location: 2F 0-1: Swinging Strike 0-2: Ball 1-2: Strikes out swinging
|
Top of the 1st over - 1 run, 0 hits, 1 error, 3 left on base; Plumstead 1 - Lee's Summit 0 |
BOTTOM OF THE 1ST |
Lee's Summit Tigers batting - Pitching for Plumstead Eagles : RHP Jack Bass
|
Pitching: RHP Jack Bass
|
|
Batting: RHB José Deleón
|
0-0: Ball 1-0: Ball 2-0: Called Strike 2-1: SINGLE (Line Drive, 4MD)
|
Batting: RHB William Flores
|
0-0: Ball 1-0: Foul Ball, location: 2F 1-1: Called Strike 1-2: Fly out, F8 (Flyball, 8RM)
|
Batting: LHB Brian Lawson
|
0-0: Swinging Strike 0-1: Ball 1-1: Ball 2-1: Ground out 4-3 (Groundball, 4S) José Deleón to second
|
Batting: RHB Tommy Smith
|
0-0: Called Strike 0-1: Called Strike 0-2: Ground out 5-3 (Groundball, 56)
|
Bottom of the 1st over - 0 runs, 1 hit, 0 errors, 1 left on base; Plumstead 1 - Lee's Summit 0 |
TOP OF THE 2ND |
Plumstead Eagles batting - Pitching for Lee's Summit Tigers : RHP Renato Camardiel
|
Batting: RHB Jimmy Myers
|
0-0: Called Strike 0-1: Foul Ball, location: 2F 0-2: Strikes out swinging
|
Batting: RHB José Acuña
|
0-0: Called Strike 0-1: Foul Ball, location: 2F 0-2: Ball 1-2: Fly out, F3 (Popup, 3F)
|
Batting: LHB José Marín
|
0-0: Called Strike 0-1: Ground out 1-3 (Groundball, 13)
|
Top of the 2nd over - 0 runs, 0 hits, 0 errors, 0 left on base; Plumstead 1 - Lee's Summit 0 |
BOTTOM OF THE 2ND |
Lee's Summit Tigers batting - Pitching for Plumstead Eagles : RHP Jack Bass
|
Batting: LHB Víctor Piña
|
0-0: Ball 1-0: Called Strike 1-1: Foul Ball, location: 2F 1-2: Fly out, F8 (Flyball, 8RM)
|
Batting: RHB Juan Rodríguez
|
0-0: SOLO HOME RUN (Flyball, 9LD), Distance : 314 ft
|
Batting: RHB Josh Martin
|
0-0: Called Strike 0-1: Ball 1-1: Fly out, F9 (Flyball, 9D)
|
Batting: LHB Claudio Jiménez
|
0-0: Foul Ball, location: 2F 0-1: Fly out, F4 (Popup, 4M)
|
Bottom of the 2nd over - 1 run, 1 hit, 0 errors, 0 left on base; Plumstead 1 - Lee's Summit 1 |
TOP OF THE 3RD |
Plumstead Eagles batting - Pitching for Lee's Summit Tigers : RHP Renato Camardiel
|
Batting: LHB António Álvarez
|
0-0: Foul Ball, location: 2F 0-1: Foul Ball, location: 2F 0-2: Ball 1-2: Ground out 3-1 (Groundball, 23)
|
Batting: LHB Conan Bush
|
0-0: Called Strike 0-1: Called Strike 0-2: Ball 1-2: Foul Ball, location: 2F 1-2: Fly out, F9 (Line Drive, 9D)
|
Batting: LHB Roberto Rodríguez
|
0-0: Ground out 4-3 (Groundball, 4)
|
Top of the 3rd over - 0 runs, 0 hits, 0 errors, 0 left on base; Plumstead 1 - Lee's Summit 1 |
BOTTOM OF THE 3RD |
Lee's Summit Tigers batting - Pitching for Plumstead Eagles : RHP Jack Bass
|
Batting: SHB Enrique Bartoccini
|
0-0: Ball 1-0: SINGLE (Flyball, 9S) - OUT at second base trying to stretch hit.
|
Batting: RHB José Deleón
|
0-0: Called Strike 0-1: Called Strike 0-2: Fly out, F3 (Popup, 34)
|
Batting: RHB William Flores
|
0-0: Ground out 6-3 (Groundball, 56)
|
Bottom of the 3rd over - 0 runs, 1 hit, 0 errors, 0 left on base; Plumstead 1 - Lee's Summit 1 |
TOP OF THE 4TH |
Plumstead Eagles batting - Pitching for Lee's Summit Tigers : RHP Renato Camardiel
|
Batting: LHB Miguel Gamboa
|
0-0: Ball 1-0: SINGLE (Flyball, 89S)
|
Batting: LHB Joe Rutherford
|
0-0: Ball 1-0: Called Strike 1-1: Ball 2-1: Swinging Strike 2-2: Foul Ball, location: 2F 2-2: Strikes out swinging
|
Batting: RHB Larry Johnson
|
0-0: Ball 1-0: Ball 2-0: Ball 3-0: Called Strike 3-1: Called Strike 3-2: Fly out, F7 (Line Drive, 7)
|
Batting: RHB Jimmy Myers
|
0-0: Ball 1-0: Swinging Strike 1-1: Called Strike 1-2: Foul Ball, location: 2F 1-2: Foul Ball, location: 2F 1-2: Strikes out swinging
|
Top of the 4th over - 0 runs, 1 hit, 0 errors, 1 left on base; Plumstead 1 - Lee's Summit 1 |
BOTTOM OF THE 4TH |
Lee's Summit Tigers batting - Pitching for Plumstead Eagles : RHP Jack Bass
|
Batting: LHB Brian Lawson
|
0-0: Called Strike 0-1: Called Strike 0-2: Ball 1-2: Ball 2-2: Fly out, F8 (Flyball, 8RS)
|
Batting: RHB Tommy Smith
|
0-0: Ball 1-0: Ball 2-0: Called Strike 2-1: Ground out 1-3 (Groundball, 15S)
|
Batting: LHB Víctor Piña
|
0-0: Called Strike 0-1: Ball 1-1: Called Strike 1-2: Fly out, F7 (Flyball, 78M)
|
Bottom of the 4th over - 0 runs, 0 hits, 0 errors, 0 left on base; Plumstead 1 - Lee's Summit 1 |
TOP OF THE 5TH |
Plumstead Eagles batting - Pitching for Lee's Summit Tigers : RHP Renato Camardiel
|
Batting: RHB José Acuña
|
0-0: Called Strike 0-1: Foul Ball, location: 2F 0-2: Foul Ball, location: 2F 0-2: Foul Ball, location: 2F 0-2: Foul Ball, location: 2F 0-2: Ball 1-2: Ball 2-2: Foul Ball, location: 2F 2-2: Strikes out swinging
|
Batting: LHB José Marín
|
0-0: SINGLE (Groundball, 4MD)
|
Batting: LHB António Álvarez
|
0-0: Ball 1-0: SINGLE (Groundball, 4D) José Marín to second Runner from 2nd tries for 3rd, SAFE, throw made to third
|
Batting: LHB Conan Bush
|
0-0: Called Strike 0-1: Ball 1-1: Ball 2-1: Called Strike 2-2: Ball António Álvarez is caught stealing 2nd base 3-2: Strikes out swinging
|
Top of the 5th over - 0 runs, 2 hits, 0 errors, 1 left on base; Plumstead 1 - Lee's Summit 1 |
BOTTOM OF THE 5TH |
Lee's Summit Tigers batting - Pitching for Plumstead Eagles : RHP Jack Bass
|
Batting: RHB Juan Rodríguez
|
0-0: Foul Ball, location: 2F 0-1: Called Strike 0-2: Ball 1-2: Ball 2-2: Ball 3-2: Strikes out looking
|
Batting: RHB Josh Martin
|
0-0: Fly out, F8 (Line Drive, 8LXD)
|
Batting: LHB Claudio Jiménez
|
0-0: Ball 1-0: Called Strike 1-1: TRIPLE (Flyball, 8RXD)
|
Batting: SHB Enrique Bartoccini
|
0-0: Ball 1-0: Foul Ball, location: 2F 1-1: Ball 2-1: Ball 3-1: Foul Ball, location: 2F 3-2: Base on Balls
|
Batting: RHB José Deleón
|
0-0: Foul Ball, location: 2F 0-1: Ball 1-1: Ball 2-1: Called Strike 2-2: SINGLE (Line Drive, 34D) Claudio Jiménez scores Enrique Bartoccini to second
|
Batting: RHB William Flores
|
0-0: Foul Ball, location: 2F 0-1: Ball 1-1: Fielders Choice at 2nd, 6-4 (Groundball, 6)
|
Bottom of the 5th over - 1 run, 2 hits, 0 errors, 2 left on base; Plumstead 1 - Lee's Summit 2 |
TOP OF THE 6TH |
Plumstead Eagles batting - Pitching for Lee's Summit Tigers : RHP Renato Camardiel
|
Batting: LHB Roberto Rodríguez
|
0-0: Called Strike 0-1: Foul Ball, location: 2F 0-2: Strikes out swinging, 2-3 out at first.
|
Batting: LHB Miguel Gamboa
|
0-0: Swinging Strike 0-1: SOLO HOME RUN (Flyball, 9LD), Distance : 323 ft
|
Batting: LHB Joe Rutherford
|
0-0: Foul Ball, location: 2F 0-1: Called Strike 0-2: Ball 1-2: Foul Ball, location: 2F 1-2: Ball 2-2: Fly out, F8 (Flyball, 89D)
|
Batting: RHB Larry Johnson
|
0-0: Ball 1-0: SOLO HOME RUN (Flyball, 7D), Distance : 354 ft
|
Batting: RHB Jimmy Myers
|
0-0: Ball 1-0: Fly out, F9 (Flyball, 89M)
|
Top of the 6th over - 2 runs, 2 hits, 0 errors, 0 left on base; Plumstead 3 - Lee's Summit 2 |
BOTTOM OF THE 6TH |
Lee's Summit Tigers batting - Pitching for Plumstead Eagles : RHP Jack Bass
|
Batting: LHB Brian Lawson
|
0-0: Ball 1-0: SINGLE (Line Drive, 9LS)
|
Batting: RHB Tommy Smith
|
0-0: Called Strike 0-1: Ball 1-1: Grounds into double play, 1-6-3 (Groundball, 13)
|
Batting: LHB Víctor Piña
|
0-0: Foul Ball, location: 2F 0-1: Ball 1-1: Foul Ball, location: 2F 1-2: Ball 2-2: Ball 3-2: Strikes out swinging
|
Bottom of the 6th over - 0 runs, 1 hit, 0 errors, 0 left on base; Plumstead 3 - Lee's Summit 2 |
TOP OF THE 7TH |
Plumstead Eagles batting - Pitching for Lee's Summit Tigers : RHP Renato Camardiel
|
Pitching: RHP Mike Sherman
|
|
Batting: RHB José Acuña
|
0-0: Ball 1-0: Called Strike 1-1: Ball 2-1: Swinging Strike 2-2: Foul Ball, location: 2F 2-2: Ball 3-2: Strikes out swinging
|
Pitching: LHP Santiago Arredondo
|
|
Batting: LHB José Marín
|
0-0: Ball 1-0: Ground out U3 (Groundball, 3L)
|
Batting: LHB António Álvarez
|
0-0: Ball 1-0: Called Strike 1-1: Ground out 1-3 (Groundball, P)
|
Top of the 7th over - 0 runs, 0 hits, 0 errors, 0 left on base; Plumstead 3 - Lee's Summit 2 |
BOTTOM OF THE 7TH |
Lee's Summit Tigers batting - Pitching for Plumstead Eagles : RHP Jack Bass
|
Batting: RHB Juan Rodríguez
|
0-0: Ball 1-0: Swinging Strike 1-1: Ball 2-1: Called Strike 2-2: SINGLE (Line Drive, 78S)
|
Batting: RHB Josh Martin
|
0-0: Fielders Choice at 2nd, 3-6 (Groundball, 34)
|
Pinch Hitting: LHB Carlos Gutiérrez
|
0-0: Ball 1-0: Called Strike Josh Martin steals 2nd base 1-1: Swinging Strike 1-2: Ball 2-2: SINGLE (Line Drive, 8RS) Josh Martin to third Runner from 3rd tries for Home, SAFE, no throw
|
Pinch Hitting: RHB Stephen Segura
|
0-0: Called Strike 0-1: Swinging Strike 0-2: Reached on error, E1 (Groundball, 13S) Carlos Gutiérrez to second
|
Batting: RHB José Deleón
|
0-0: Ball 1-0: Ball 2-0: SINGLE (Flyball, 9LM) Carlos Gutiérrez to third Stephen Segura to second Runner from 3rd tries for Home, SAFE, no throw
|
Pitching: RHP John Bauer
|
|
Pinch Runner at 2nd Chris Boner:
|
|
Batting: RHB William Flores
|
0-0: Grounds into double play, 6-4-3 (Groundball, 56)
|
Bottom of the 7th over - 2 runs, 3 hits, 1 error, 1 left on base; Plumstead 3 - Lee's Summit 4 |
TOP OF THE 8TH |
Plumstead Eagles batting - Pitching for Lee's Summit Tigers : LHP Santiago Arredondo
|
Now at 2B: Chris Boner
|
|
Now in LF: Carlos Gutiérrez
|
|
Batting: LHB Conan Bush
|
0-0: Ball 1-0: Swinging Strike 1-1: Foul Ball, location: 2F 1-2: Ball 2-2: Ball 3-2: SINGLE (Line Drive, 56)
|
Pinch Runner at 1st Kel Turner:
|
|
Batting: LHB Roberto Rodríguez
|
0-0: Called Strike 0-1: Called Strike 0-2: Ball 1-2: Foul Ball, location: 2F 1-2: Foul Ball, location: 2F 1-2: Foul Ball, location: 2F 1-2: Ball 2-2: Foul Ball, location: 2F 2-2: Strikes out looking
|
Batting: LHB Miguel Gamboa
|
0-0: Swinging Strike 0-1: Ball 1-1: Ball 2-1: Swinging Strike 2-2: Ball 3-2: Grounds into double play, 4-6-3 (Groundball, 4)
|
Top of the 8th over - 0 runs, 1 hit, 0 errors, 0 left on base; Plumstead 3 - Lee's Summit 4 |
BOTTOM OF THE 8TH |
Lee's Summit Tigers batting - Pitching for Plumstead Eagles : RHP John Bauer
|
Batting: LHB Brian Lawson
|
0-0: Ball 1-0: Ball 2-0: Swinging Strike 2-1: Swinging Strike 2-2: Ball 3-2: SINGLE (Groundball, 3D)
|
Batting: RHB Tommy Smith
|
0-0: Ball 1-0: Ball 2-0: SINGLE (Line Drive, 78S) Brian Lawson to second
|
Batting: LHB Víctor Piña
|
0-0: Ball 1-0: Ball 2-0: Called Strike 2-1: Ball 3-1: Called Strike 3-2: Strikes out looking
|
Batting: RHB Juan Rodríguez
|
0-0: Fly out, F9 (Flyball, 9LMF)
|
Batting: RHB Josh Martin
|
0-0: Ball 1-0: Foul Ball, location: 2F 1-1: Ball 2-1: Ball 3-1: Base on Balls Brian Lawson to third Tommy Smith to second
|
Batting: LHB Carlos Gutiérrez
|
0-0: Fly out, F8 (Flyball, 8LD)
|
Bottom of the 8th over - 0 runs, 2 hits, 0 errors, 3 left on base; Plumstead 3 - Lee's Summit 4 |
TOP OF THE 9TH |
Plumstead Eagles batting - Pitching for Lee's Summit Tigers : LHP Santiago Arredondo
|
Pitching: LHP Luis Sandoval
|
|
Now at C: Gerardo Romero
|
|
Batting: LHB Joe Rutherford
|
0-0: Swinging Strike 0-1: Ball 1-1: Called Strike 1-2: Ball 2-2: Ball 3-2: Strikes out swinging
|
Batting: RHB Larry Johnson
|
0-0: Called Strike 0-1: Ball 1-1: Ball 2-1: Ground out 4-3 (Groundball, 34)
|
Batting: RHB Jimmy Myers
|
0-0: Fly out, F8 (Flyball, 8LM)
|
Top of the 9th over - 0 runs, 0 hits, 0 errors, 0 left on base; Plumstead 3 - Lee's Summit 4 |
|